 Dungeon Crawl Stone Soup version bcrawl-1.31.4 (webtiles) character file.

Game seed: 9901317687196158238

317130 Morbidden the Carver (level 10, -6/60 HPs)
             Began as a Skeleton Archaeologist on June 9, 2021.
             Was an Initiate of Gozag.
             Killed by divine providence
             ... invoked by a meliai
              (10 damage)
             ... on level 9 of the Dungeon.
             The game lasted 00:12:28 (8273 turns).

Morbidden the Carver (Skeleton Archaeologist)       Turns: 8273, Time: 00:12:28

Health: -6/60      AC: 16    Str: 22 (23) XL:     10   Next: 39%
Magic:  0/16       EV:  9    Int: 13 (14) God:    Gozag
Gold:   30         SH: 13    Dex: 11      Spells: 17/17 levels left

rFire    . . .     SeeInvis .   a - +2 scimitar of Risk Management {flame, *Slow Str+3 Dex+4}
rCold    + . .     Gourm    .   p - +0 medium shield
rNeg     + + +     Faith    .   q - +0 chain mail
rPois    ∞         Spirit   +   w - +1 helmet
rElec    .         Reflect  .   (no cloak)
rCorr    .         Harm     .   x - +1 pair of gauntlets of War {Slay+6}
MR       +....                  e - +1 pair of boots
Stlth    +.........             j - amulet of regeneration
HPRegen  0.20/turn              (no ring)
MPRegen  0.15/turn              (no ring)

@: about to teleport, gold aura
A: no food or potions, cold resistance 1, deterioration 1, negative energy
resistance 3, powered by death 1, torment resistance, unbreathing, magic shield,
sturdy frame 2, spell healing
a: Potion Petition, Call Merchant, Bribe Branch, Renounce Religion


You were on level 9 of the Dungeon.
You worshipped Gozag.
Gozag was noncommittal.
You were not hungry.

You visited 2 branches of the dungeon, and saw 10 of its levels.
You also visited: Ossuary.

You collected 3389 gold pieces.
You spent 1288 gold pieces at shops.
You paid 2071 gold pieces to Gozag.

Inventory:

Hand Weapons
 a - the +2 scimitar of Risk Management (weapon) {flame, *Slow Str+3 Dex+4}
   (You bought it in a shop on level 4 of the Dungeon)

   It has been specially enchanted to surge with flame as it hits, increasing
   damage dealt by approximately one third against foes not resistant or
   susceptible to fire.
   Its heat also prevents any hydra heads it cuts off from regrowing.
   It affects your strength (+3).
   It affects your dexterity (+4).
   It may slow you when you take damage.
 b - a +0 blowgun
Missiles
 d - 43 poisoned needles
 f - 2 curare-tipped needles
 u - 200 poisoned tomahawks (quivered)
Armour
 e - a +1 pair of boots (worn)
 p - a +0 medium shield (worn)
 q - a +0 chain mail (worn)
 w - a +1 helmet (worn)
 x - the +1 pair of gauntlets of War (worn) {Slay+6}
   (You bought it in a shop on level 8 of the Dungeon)

   It affects your accuracy and damage with ranged weapons and melee attacks
   (+6).
Jewellery
 j - an amulet of regeneration (around neck)
Wands
 s - a wand of digging (12)
 v - a wand of flame (5)
Scrolls
 c - 4 scrolls of teleportation
 g - 2 scrolls of magic mapping
 i - 5 scrolls of identify
 k - 5 scrolls of amnesia {unknown}
 l - a scroll of fog {unknown}
 m - a scroll of noise {unknown}
 n - a scroll of blinking {unknown}
 o - 3 scrolls of immolation {unknown}
 r - 4 scrolls of remove curse {unknown}
 t - a scroll of torment {unknown}


   Skills:
 * Level 5.8 Fighting
 * Level 10.7 Long Blades
   Level 3.0(3.2) Axes
   Level 1.8(2.7) Maces & Flails
 + Level 0.5 Throwing
 + Level 5.0 Armour
 * Level 6.9 Dodging
 + Level 4.3 Stealth
 + Level 7.0 Shields
 * Level 4.1 Spellcasting


You had 17 spell levels left.
You didn't know any spells.
Your spell library was empty.

Dungeon Overview and Level Annotations

Branches:
Dungeon (9/12)             Temple (1/1) D:4            Lair (0/6) D:8
    Orc: D:8-11

Altars:
Ashenzari
Cheibriados
Dithmenos
Elyvilon
Gozag
Hepliaklqana
Kikubaaqudgha
Lugonu
Makhleb
Nemelex Xobeh
Okawaru
Qazlal
Ru
Sif Muna
Trog
Uskayaw
Vehumet
Wu Jian
Xom
Yredelemnul
Zin
The Shining One

Shops:
D:4 (?*   D:8 [

Annotations:
D:4 3 runed translucent doors, izumii3's ghost, amateur NaSk


Innate Abilities, Weirdness & Mutations

You do not eat or drink.
You are immune to poison.
Your flesh is cold resistant. (rC+)
Your body sometimes deteriorates upon taking damage.
You are immune to negative energy. (rN+++)
You regenerate a little health from kills.
You are immune to unholy pain and torment.
You can survive without breathing.
When hurt, damage is shared between your health and your magic reserves.
Your movements are less encumbered by armour. (ER -4)
Casting spells heals you.


Message History

No path to travel!
No path to travel!
Unknown command.
Okay, then.
You can't drink.
Unknown command.
As you read the scroll labeled HUXIHE WAAGHIPP, it crumbles to dust.
You feel strangely unstable.
It was a scroll of teleportation.
The meliai hits you with a +0 war axe!
* * * LOW HITPOINT WARNING * * *
The meliai stings you but does no damage.
The meliai hits you with a +0 hand axe.
* * * LOW HITPOINT WARNING * * *
The meliai barely misses you.
The orc wizard gestures wildly while chanting.
The orc wizard seems to speed up.
You block the orc warrior's attack.
The meliai mumbles some strange prayers to its god against you.
Something smites you!
You die...
Your body crumbles into a pile of gold.

............
#...........
#...........
####...........
...............
........y......
...cooooy......
#@y#
#####..########..
..........<.......
##################


You could see a yaktaur, an orc warrior, 3 meliai, 2 orc wizards and an orc.

Vanquished Creatures
  An unseen horror (D:8)
  A komodo dragon (D:8)
  A troll (D:7)
  A wyvern (D:6)
  4 yaks (D:8)
  Duvessa (D:5)
  An orc warrior (D:7)
  An ice beast (D:8)
  2 phantoms
  4 centaurs
  4 ogres
  2 big kobolds
  3 bullfrogs
  Dowan (D:5)
  A wyvern skeleton (D:5)
  2 scorpions
  4 wights
  7 howler monkeys
  3 centaur zombies
  3 hounds
  A quasit (D:8)
  A gnoll shaman (D:6)
  An orc priest (D:7)
  2 centaur skeletons (D:7)
  4 orc wizards
  A bullfrog skeleton (D:6)
  Jessica (D:3)
  3 iguanas
  9 worker ants
  2 hound skeletons (D:5)
  8 mummies (Ossuary)
  A howler monkey zombie (D:5)
  9 gnolls
  7 adders
  2 oozes
  An adder zombie (D:5)
  An adder skeleton (D:3)
  3 worms (D:2)
  3 dart slugs
  9 leopard geckos
  18 orcs
  4 ball pythons
  4 bats
  2 giant cockroaches
  2 gnoll zombies (Ossuary)
  5 goblins
  7 hobgoblins
  19 kobolds
  3 quokkas
  5 frilled lizards
  2 hobgoblin zombies (Ossuary)
  A jackal skeleton (D:4)
  2 kobold zombies (Ossuary)
  2 orc zombies (Ossuary)
  3 rats
195 creatures vanquished.

Vanquished Creatures (others)
  4 plants (D:8)
4 creatures vanquished.

Grand Total: 199 creatures vanquished

Notes
Turn   | Place    | Note
-------+----------+-------------------------------------------
     0 | D:1      | Morbidden the Skeleton Archaeologist began the quest for
                  | the Orb.
     0 | D:1      | Reached XP level 1. HP: 12/12 MP: 1/1
   139 | D:1      | Reached XP level 2. HP: 11/16 MP: 2/2
   728 | D:1      | Reached XP level 3. HP: 20/20 MP: 3/3
  1007 | D:2      | Found a bloodstained altar of Trog.
  1226 | D:2      | Reached skill level 1 in Axes
  1975 | D:2      | Reached XP level 4. HP: 11/25 MP: 0/4
  2070 | D:3      | Noticed Jessica
  2087 | D:3      | Killed Jessica
  2088 | D:3      | Reached skill level 1 in Armour
  2135 | D:3      | Reached skill level 1 in Shields
  2357 | D:3      | Reached XP level 5. HP: 17/29 MP: 2/5
  2357 | D:3      | Identified a scroll of acquirement
  2381 | D:3      | Identified the amulet of the Bruised Eyes {Reflect rC++ MR-
                  | Int+4 SH+4} (You acquired it on level 3 of the Dungeon)
  3036 | D:4      | Found a staircase to the Ecumenical Temple.
  3054 | Temple   | Entered the Ecumenical Temple
  3086 | Temple   | Became a worshipper of Gozag Ym Sagoz the Greedy
  3114 | D:4      | Bought a twisted scimitar for 288 gold pieces
  3114 | D:4      | Identified the +2 scimitar of Risk Management {flame, *Slow
                  | Str+3 Dex+4} (You bought it in a shop on level 4 of the
                  | Dungeon)
  3187 | D:4      | Gained mutation: You regenerate a little health from kills.
                  | [Skeleton growth]
  3187 | D:4      | Reached XP level 6. HP: 35/35 MP: 6/6
  3403 | D:4      | Found a runed translucent gate.
  3403 | D:4      | Found a runed translucent gate.
  3403 | D:4      | Found a runed translucent gate.
  3461 | D:4      | Noticed izumii3's ghost (amateur NaSk)
  3510 | D:4      | Reached skill level 1 in Long Blades
  3791 | D:5      | Entered Level 5 of the Dungeon
  3833 | D:5      | Noticed a troll
  3989 | D:5      | Found an ornate altar of the Wu Jian Council.
  4037 | D:5      | Reached skill level 2 in Long Blades
  4141 | D:5      | Noticed Dowan
  4143 | D:5      | Noticed Duvessa
  4160 | D:5      | Killed Duvessa
  4161 | D:5      | Reached skill level 3 in Long Blades
  4161 | D:5      | Reached XP level 7. HP: 32/40 MP: 7/7
  4186 | D:5      | Killed Dowan
  4232 | D:5      | Found a white marble altar of Elyvilon.
  4246 | D:5      | Reached skill level 4 in Long Blades
  4499 | D:5      | Noticed a +0 hand axe
  4499 | D:5      | Noticed a +0 dagger
  4500 | D:5      | Found a hide-covered altar of Uskayaw.
  4792 | D:5      | Reached skill level 5 in Long Blades
  4792 | D:5      | Reached skill level 5 in Dodging
  5181 | D:6      | Reached XP level 8. HP: 47/47 MP: 8/8
  5214 | D:6      | Reached skill level 6 in Long Blades
  5263 | D:6      | Reached skill level 7 in Long Blades
  5452 | D:6      | Found a shimmering blue altar of Sif Muna.
  5619 | D:6      | Reached XP level 9. HP: 52/52 MP: 9/9
  5910 | D:7      | Found a sand-covered staircase.
  5915 | Ossuary  | Entered an ossuary
  5937 | Ossuary  | Reached skill level 8 in Long Blades
  6139 | D:7      | Reached skill level 5 in Shields
  6187 | D:7      | Reached skill level 1 in Spellcasting
  6229 | D:7      | Killed a troll
  6298 | D:7      | Reached skill level 5 in Fighting
  6373 | D:7      | Reached skill level 9 in Long Blades
  7498 | D:8      | Found a staircase to the Lair.
  7498 | D:8      | Noticed a komodo dragon
  7548 | D:8      | Killed a komodo dragon
  7549 | D:8      | Reached skill level 10 in Long Blades
  7549 | D:8      | Gained mutation: Your movements are less encumbered by
                  | armour. (ER -4) [Skeleton growth]
  7549 | D:8      | Reached XP level 10. HP: 51/59 MP: 12/14
  7707 | D:8      | Found a basalt altar of Yredelemnul.
  7709 | D:8      | Found a shimmering altar of Xom.
  7710 | D:8      | Found a stormy altar of Qazlal.
  7710 | D:8      | Found a corrupted altar of Lugonu.
  7722 | D:8      | Found a shimmering blue altar of Sif Muna.
  7803 | D:8      | Found a shadowy altar of Dithmenos.
  7811 | D:8      | Found a hazy altar of Hepliaklqana.
  7973 | D:8      | Found a glowing golden altar of the Shining One.
  8029 | D:8      | Bought the +1 pair of gauntlets of War {Slay+6} for 1000
                  | gold pieces
  8029 | D:8      | Found the +1 pair of gauntlets of War {Slay+6}
  8196 | D:8      | Killed an unseen horror
  8197 | D:8      | Reached skill level 5 in Armour
  8273 | D:9      | Killed from afar by a meliai

Skill      XL: |  1  2  3  4  5  6  7  8  9 10 |
---------------+-------------------------------+-----
Stealth        | 4 |  4.3
Axes           | 1 2 3 |  3.0
Armour         | 1 2 3 4 5 |  5.0
Shields        | 1 2 3 4 6 7 |  7.0
Dodging        | 4 5 6 |  6.9
Fighting       | 2 3 4 5 |  5.8
Long Blades    | 3 5 7 10 | 10.7
Spellcasting   | 3 4 |  4.1
Maces & Flails | |  1.8
Throwing       | |  0.5

Action                   |  1- 3 |  4- 6 |  7- 9 | 10-12 || total
-------------------------+-------+-------+-------+-------++-------
Melee: Whip              |    69 |       |       |       ||    69
       Hand axe          |   171 |   243 |       |       ||   414
       Scimitar          |       |    67 |   362 |    67 ||   496
 Fire: Blowgun           |     3 |       |     1 |       ||     4
Throw: Tomahawk          |       |       |     9 |       ||     9
Invok: Call Merchant     |       |     2 |     1 |     1 ||     4
  Use: Scroll            |       |     1 |     2 |     1 ||     4
 Stab: Sleeping          |     4 |       |       |       ||     4
       Distracted        |       |       |     1 |       ||     1
Armor: Robe              |    32 |       |       |       ||    32
       Scale mail        |     6 |       |       |       ||     6
       Chain mail        |   140 |   220 |   136 |    45 ||   541
Dodge: Dodged            |    96 |    47 |    94 |    19 ||   256
Block: Medium shield     |    49 |   151 |   233 |    46 ||   479
